 Dungeon Crawl Stone Soup version 0.28-a0-793-g31680bbd8b (webtiles) character file.

Game seed: 197554111125138538

158 ytrimaz the Cutter (level 5, -5/39 HPs)
             Began as a Demonspawn Gladiator on Nov 3, 2021.
             Was a Priest of Cheibriados.
             Slain by a gnoll (9 damage)
             ... on level 3 of the Dungeon.
             The game lasted 00:04:56 (2798 turns).

ytrimaz the Cutter (Demonspawn Gladiator)           Turns: 2798, Time: 00:04:57

Health: -5/39      AC:  4    Str: 22    XL:     5   Next: 16%
Magic:  6/6        EV: 15    Int: 17    God:    Cheibriados [***...]
Gold:   49         SH:  0    Dex: 21    Spells: 4/4 levels left

rFire   . . .      SeeInvis .   f - +1 whip (elec)
rCold   . . .      Faith    .   (no shield)
rNeg    . . .      Spirit   .   b - +0 leather armour
rPois   .          Reflect  .   c - +0 helmet
rElec   .          Harm     .   (no cloak)
rCorr   .          Rampage  .   (no gloves)
Will    .....                   (no boots)
Stlth   ++........              (no amulet)
HPRegen 0.13/turn               (no ring)
MPRegen 0.10/turn               (no ring)

@: lethally poisoned (-5 -> -13), very slow
A: repulsion field 1, powered by death 1, weakness stinger 1
a: Renounce Religion, Bend Time, Temporal Distortion


You were on level 3 of the Dungeon.
You worshipped Cheibriados.
Cheibriados was most pleased with you.
You visited 1 branch of the dungeon, and saw 3 of its levels.

You collected 49 gold pieces.

Inventory:

Hand Weapons
 f - a +1 whip of electrocution (weapon)
Missiles
 d - 3 throwing nets (quivered)
Armour
 b - a +0 leather armour (worn)
 c - a +0 helmet (worn)
Scrolls
 g - a scroll of teleportation
 h - a scroll of magic mapping {unknown}
 j - a scroll of identify
Potions
 a - a potion of resistance
 e - 3 potions of curing {unknown}
 i - a potion of haste {unknown}


   Skills:
 + Level 2.5 Fighting
 - Level 3.2 Short Blades
 + Level 1.1 Maces & Flails
 - Level 1.7 Throwing
 + Level 2.2 Armour
 * Level 3.2 Dodging
 * Level 2.3 Invocations


You had 4 spell levels left.
You didn't know any spells.
Your spell library was empty.

Dungeon Overview and Level Annotations

Branches:
Dungeon (3/15)

Altars:
Cheibriados


Innate Abilities, Weirdness & Mutations

You are surrounded by a mild repulsion field. (EV +2)
You regenerate a little health from kills.
You have a small tail.


Message History

You miss something.
Your tail-slap misses something.
You hear some strange, mumbled words.
A magic dart appears from out of thin air!
The magic dart hits you.
The gnoll hits you from afar with a +1 spear of venom.
The orc completely misses you.
You barely miss something. Something barely misses you.
The gnoll hits you from afar with a +1 spear of venom.
You are poisoned.
The orc hits you with a +0 whip.
You hit something. Lightning courses through something!
Cheibriados thoroughly appreciates the change of pace.
Reactivating autopickup.
You feel a bit more experienced.
You feel sick.
A frilled lizard comes into view.
The gnoll barely misses you. The orc closely misses you.
Your Maces & Flails skill increases to level 1!
You have reached level 5!
You feel sick.
You hit the orc. You tail-slap the orc.
The orc is moderately wounded.
You feel sick. The orc hits you but does no damage. The orc barely misses you.
You barely miss the orc.
The orc is moderately wounded.
You hear the slow rusting of a drain nearby.
You feel sick. The orc misses you. The orc barely misses you.
Okay, then.
Press: ? - help, v - describe, . - travel, g - get item
Here: a gnoll, wielding a +1 spear of venom
Items here: ))) [[ ††.
The floor, spattered with blood.
Unknown command.
You feel sick.
You feel sick. The orc closely misses you.
You feel sick.
The gnoll hits you from afar with a +1 spear of venom.
* * * LOW HITPOINT WARNING * * *
You are lethally poisoned!
The gnoll hits you from afar with a +1 spear of venom!
You die...

. ... .....8#8.##...##
#..##.#### #.............
.........######.####...###
#.#.#.#.#.......##....).
.........#####........##
#.#.#.#.#.o#### <###..###
..........r...# .#
.#####)###o##....#
#..g.@.......(
#.l####.......# ....
######### ##.#. #l# #


You could see a gnoll, 2 orcs, a frilled lizard (wandering) and a rat.

Vanquished Creatures
  Crazy Yiuf (D:2)
  A hound (D:3)
  An orc wizard (D:3)
  An adder (D:2)
  A worm (D:3)
  4 orcs (D:3)
  5 endoplasms
  A giant cockroach (D:1)
  9 goblins
  4 hobgoblins
  8 jackals
  7 kobolds
  A quokka (D:2)
  2 ball pythons (D:1)
  3 bats
  3 frilled lizards
  5 rats
57 creatures vanquished.

Vanquished Creatures (others)
  2 fungi (D:2)
2 creatures vanquished.

Grand Total: 59 creatures vanquished

Notes
Turn   | Place    | Note
-------+----------+-------------------------------------------
     0 | D:1      | ytrimaz the Demonspawn Gladiator began the quest for the
                  | Orb.
     0 | D:1      | Reached XP level 1. HP: 16/16 MP: 1/1
    56 | D:1      | Found a faded altar of an unknown god.
    81 | D:1      | Prayed at the altar of an unknown god.
    81 | D:1      | Became a worshipper of Cheibriados the Contemplative
    81 | D:1      | Reached * piety under Cheibriados
   349 | D:1      | Gained mutation: You have a small tail. [demonic ancestry]
   349 | D:1      | Reached XP level 2. HP: 22/22 MP: 2/2
  1253 | D:2      | Gained mutation: You regenerate a little health from kills.
                  | [demonic ancestry]
  1253 | D:2      | Reached XP level 3. HP: 22/27 MP: 3/3
  1254 | D:2      | Reached ** piety under Cheibriados
  1255 | D:2      | Reached skill level 1 in Invocations
  1542 | D:2      | Reached skill level 1 in Armour
  2303 | D:2      | Found a runed translucent door.
  2304 | D:2      | Noticed Crazy Yiuf
  2312 | D:2      | Killed Crazy Yiuf
  2313 | D:2      | Gained mutation: You are surrounded by a mild repulsion
                  | field. (EV +2) [demonic ancestry]
  2313 | D:2      | Reached XP level 4. HP: 16/34 MP: 5/5
  2704 | D:3      | Reached *** piety under Cheibriados
  2793 | D:3      | Reached skill level 1 in Maces & Flails
  2793 | D:3      | Reached XP level 5. HP: 12/39 MP: 6/6
  2798 | D:3      | Slain by a gnoll

Illustrated notes

Levels and vault maps discovered:
D:1:      roderic_crop_circles_arrival_small, layout_basic,
          ebering_ecumenical_altar_box, minivault_25
D:2:      layout_basic, st_stairs_8, uniq_crazy_yiuf_cottage
D:3:      layout_loops_ring, portal_sewer_entry_d,
          chequers_serial_rivers_micro_c, minmay_misc_feat_plants,
          minmay_statues_item, minmay_misc_feat_pillars

Skill      XL: |  1  2  3  4 |
---------------+-------------+-----
Short Blades   | 3 |  3.2
Invocations    | 1 2 |  2.3
Armour         | 1 2 |  2.2
Dodging        | 3 |  3.2
Maces & Flails | 1 |  1.1
Fighting       | |  2.5
Throwing       | |  1.7

Action                   |  1- 3 |  4- 6 || total
-------------------------+-------+-------++-------
Melee: Rapier            |    69 |       ||    69
       Tailslap          |    13 |     5 ||    18
       Whip              |    55 |    32 ||    87
  Use: Scroll            |     4 |     1 ||     5
 Stab: Sleeping          |     1 |       ||     1
Armor: Leather armour    |    42 |     5 ||    47
Dodge: Dodged            |   103 |    27 ||   130

Table legend: (Time is in decaauts)
 A = Elapsed time spent in this place.
 B = Non-inter-level travel time spent in this place.
 C = Inter-level travel time spent in this place.
 D = Time resting spent in this place.
 E = Time spent auto-exploring this place.
 F = Levels seen in this place.
 G = Mean time per level.
                   A        B        C        D        E       F      G
               +--------+--------+--------+--------+--------+-----+--------+
         Total |   3557 |   3459 |     98 |    511 |   2490 |   3 | 1185.7 |
       Dungeon |   3557 |   3459 |     98 |    511 |   2490 |   3 | 1185.7 |
               +--------+--------+--------+--------+--------+-----+--------+

Top non-repeatable levels by time:
     D:2: 1837 daAuts
     D:1: 1565 daAuts
     D:3: 154 daAuts
